 Dungeon Crawl Stone Soup version 0.30-a0-377-g5cb311bc9f (webtiles) character file.

Game seed: 386777405586598230

68 Shayle the Chopper (level 4, 34/34 HPs)
             Began as a Demonspawn Reaver on Nov 28, 2022.
             Quit the game on level 2 of the Dungeon.
             The game lasted 00:04:02 (1218 turns).

Shayle the Chopper (Demonspawn Reaver)              Turns: 1218, Time: 00:04:03

Health: 34/34      AC:  3    Str: 13    XL:     4   Next: 1%
Magic:  7/7        EV: 12    Int: 16    God:
Gold:   60         SH:  0    Dex: 11    Spells: 6/7 levels left

rFire   . . .      SeeInvis .    e - +2 dagger (elec)
rCold   . . .      Faith    .    (no shield)
rNeg    . . .      Spirit   .    b - +0 leather armour
rPois   +          Reflect  .    (helmet restricted)
rElec   .          Harm     .    (no cloak)
rCorr   .          Rampage  .    (no gloves)
Will    .....                    (no boots)
Stlth   ++........               (no amulet)
HPRegen 0.25/turn                j - ring of poison resistance
MPRegen 0.10/turn                (no ring)

@: no status effects
A: horns 1, powered by death 1, sturdy frame 1
a: no special abilities


You were on level 2 of the Dungeon.
You visited 1 branch of the dungeon, and saw 2 of its levels.

You collected 60 gold pieces.

Inventory:

Hand Weapons
 a - a +0 hand axe
 e - a +2 dagger of electrocution (weapon)
Armour
 b - a +0 leather armour (worn)
Jewellery
 j - a ring of poison resistance (left hand)
Scrolls
 d - 2 scrolls of noise {unknown}
 g - a scroll of identify {unknown}
 i - a scroll of enchant weapon {unknown}
 l - a scroll of summoning {unknown}
Potions
 c - 3 potions of mutation {unknown}
 f - a potion of lignification {unknown}
 h - a potion of degeneration {unknown}
 k - a potion of cancellation {unknown}


   Skills:
 + Level 2.7 Fighting
 + Level 3.2 Axes
 + Level 1.4 Armour
 - Level 1.7 Dodging
 + Level 1.6 Stealth
 - Level 2.0 Spellcasting
 - Level 3.0 Conjurations


You had 6 spell levels left.
You knew the following spells:

 Your Spells              Type           Power      Damage    Failure   Level
a - Kiss of Death         Conj/Necr      24%        2d7       12%         1

Your spell library contained the following spells:

 Spells                   Type           Power      Damage    Failure   Level
 Momentum Strike          Conj/Tloc      12%        3d8       17%         2
 Hailstorm                Conj/Ice       6%         3d4       34%         3


Dungeon Overview and Level Annotations

Branches:
Dungeon (2/15)

Altars:


Innate Abilities, Weirdness & Mutations

You have a pair of small horns on your head.
You regenerate a little health from kills.
Your movements are slightly less encumbered by armour. (ER -2)


Message History

You barely miss the adder.
The adder is heavily wounded.
The adder barely misses you.
You closely miss the adder.
The adder is heavily wounded.
The adder bites you.
You closely miss the adder.
The adder is heavily wounded.
The adder barely misses you. The adder bites you.
You closely miss the adder.
The adder is heavily wounded.
The adder barely misses you.
You closely miss the adder.
The adder is heavily wounded.
The adder barely misses you.
You hit the adder.
The adder is severely wounded.
The adder closely misses you.
You hit the adder.
The adder is almost dead.
The adder misses you. The adder bites you.
You closely miss the adder.
The adder is severely wounded.
The adder closely misses you.
You miss the adder.
The adder is severely wounded.
The adder closely misses you.
You closely miss the adder.
The adder is severely wounded.
The adder bites you but does no damage. x2
You closely miss the adder.
The adder is severely wounded.
The adder closely misses you.
You hit the adder.
You kill the adder!
You have reached level 4!
You feel stronger.
Your demonic ancestry asserts itself...
A pair of horns grows on your head!
l - a scroll labelled MIUPPO REWEOB Are you sure you want to abandon this character and quit the game? (Confirm with "yes".)

#### ...# ##.#
######## #.###
#......#
##.#.##
#.####@#
.#....#####.##
#.#
...........#.#
#.#
.#....#####.##
#.# ##.#.##
### #.# ...#.#
#†# ####.# ..#
##+# ####
##...#####


There were no monsters in sight!

Vanquished Creatures
  3 adders (D:2)
  2 worms (D:2)
  3 bats
  4 endoplasms
  3 giant cockroaches
  5 goblins
  2 hobgoblins
  4 kobolds
  A quokka (D:1)
  3 ball pythons (D:1)
  2 frilled lizards
32 creatures vanquished.

Notes
Turn   | Place    | Note
-------+----------+-------------------------------------------
     0 | D:1      | Shayle the Demonspawn Reaver began the quest for the Orb.
     0 | D:1      | Reached XP level 1. HP: 16/16 MP: 3/3
    98 | D:1      | Gained mutation: Your movements are slightly less
                  | encumbered by armour. (ER -2) [demonic ancestry]
    98 | D:1      | Reached XP level 2. HP: 22/22 MP: 5/5
   251 | D:1      | Reached skill level 1 in Stealth
   444 | D:2      | Found a faded altar of an unknown god.
   569 | D:2      | Reached skill level 1 in Armour
   604 | D:2      | Gained mutation: You regenerate a little health from kills.
                  | [demonic ancestry]
   604 | D:2      | Reached XP level 3. HP: 28/28 MP: 6/6
  1213 | D:2      | Gained mutation: You have a pair of small horns on your
                  | head. [demonic ancestry]
  1213 | D:2      | Reached XP level 4. HP: 33/34 MP: 7/7
  1218 | D:2      | Quit the game

Illustrated notes

Levels and vault maps discovered:
D:1:      eino_arrival_water_star, layout_rooms
D:2:      minmay_wonky_spiral, layout_loops_corners,
          shapermc_ecumenical_altar_starsandcircs

Skill      XL: |  1  2 |
---------------+-------+-----
Stealth        | 1 |  1.6
Axes           | 3 |  3.2
Armour         | 1 |  1.4
Fighting       | |  2.7
Dodging        | |  1.7
Spellcasting   | |  2.0
Conjurations   | |  3.0

Action                   |  1- 3 |  4- 6 || total
-------------------------+-------+-------++-------
Melee: Hand axe          |    27 |       ||    27
       Punch             |     2 |       ||     2
       Dagger            |    67 |       ||    67
 Stab: Sleeping          |     3 |       ||     3
Armor: Leather armour    |    23 |       ||    23
Dodge: Dodged            |    43 |       ||    43

Table legend: (Time is in decaauts)
 A = Elapsed time spent in this place.
 B = Non-inter-level travel time spent in this place.
 C = Inter-level travel time spent in this place.
 D = Time resting spent in this place.
 E = Time spent auto-exploring this place.
 F = Levels seen in this place.
 G = Mean time per level.
                   A        B        C        D        E       F      G
               +--------+--------+--------+--------+--------+-----+--------+
         Total |   1223 |   1213 |     10 |     89 |    785 |   2 |  611.5 |
       Dungeon |   1223 |   1213 |     10 |     89 |    785 |   2 |  611.5 |
               +--------+--------+--------+--------+--------+-----+--------+

Top non-repeatable levels by time:
     D:2: 738 daAuts
     D:1: 484 daAuts
